 Dungeon Crawl Stone Soup version 0.18.1-50-g88ac8fd (webtiles) character file.

113 lorenzova the Conjurer (level 4, 0/36 HPs)
             Began as a Deep Elf Conjurer on Oct 21, 2016.
             Succumbed to a kobold's poison
             ... on level 3 of the Dungeon.
             The game lasted 00:04:53 (2277 turns).

lorenzova the Conjurer (Deep Elf Conjurer)          Turns: 2277, Time: 00:04:54

Health: 0/36       AC: 22    Str:  5    XL:     4   Next: 65%
Magic:  6/13       EV:  2    Int: 21    God:
Gold:   86         SH:  0    Dex: 18    Spells: 2 memorised, 8 levels left

rFire  . . .     SeeInvis .     f - +0 short sword
rCold  . . .     Gourm    .     (armour currently unavailable)
rNeg   + + +     Faith    .     (no shield)
rPois  +         Spirit   .     (helmet currently unavailable)
rElec  .         Dismiss  .     (cloak currently unavailable)
rCorr  .         Reflect  .     (gloves currently unavailable)
SustAt .         Harm     .     (boots currently unavailable)
MR     .....     NoTele   +     (no amulet)
Stlth  +++.......               (no ring)
                                h - +3 ring of dexterity

@: lethally poisoned (0 -> -11), tree-form, not resistant to hostile
enchantments, fairly stealthy
A: no striking features
a: no special abilities


You were on level 3 of the Dungeon.
You were not hungry.
You were a tree.
You visited 1 branch of the dungeon, and saw 3 of its levels.

You collected 86 gold pieces.

Inventory:

Hand Weapons
 f - a +0 short sword (weapon)
Armour
 a - a +0 robe (melded)
Jewellery
 h - a +3 ring of dexterity (left branch)
Wands
 p - a wand of flame (9/48)
Scrolls
 d - 4 scrolls of fog {unknown}
 e - 4 scrolls of identify {unknown}
 i - a scroll of recharging {unknown}
 k - 2 scrolls of teleportation {unknown}
 l - a scroll of magic mapping {unknown}
 n - 2 scrolls of enchant weapon {unknown}
 q - a scroll of remove curse {unknown}
Potions
 j - a potion of degeneration {unknown}
 r - a potion of lignification
Books
 b - a book of Conjurations

   Spells                             Type                      Level
   a - Magic Dart                     Conjuration                  1
   b - Searing Ray                    Conjuration                  2
   c - Dazzling Spray                 Conjuration/Hexes            3
   d - Fulminant Prism                Conjuration/Hexes            4
   e - Iskenderun's Mystic Blast      Conjuration                  4
   f - Iskenderun's Battlesphere      Conjuration/Charms           5
Comestibles
 c - a bread ration
 g - 3 slices of pizza
 m - 2 meat rations


   Skills:
 - Level 2.4 Dodging
 - Level 2.4 Stealth
 + Level 5.2 Spellcasting
 + Level 5.5 Conjurations


You had 8 spell levels left.
You knew the following spells:

 Your Spells              Type           Power        Failure   Level  Hunger
a - Magic Dart            Conj           ####         1%          1    None
c - Iskenderun's Mystic   Conj           ####....     14%         4    ####...


Dungeon Overview and Level Annotations

Branches:
Dungeon (3/15)

Altars:
Nemelex Xobeh


Message History

* * * LOW HITPOINT WARNING * * *
You feel sick.
* * * LOW HITPOINT WARNING * * *
You feel sick.
* * * LOW HITPOINT WARNING * * *
You feel sick.
* * * LOW HITPOINT WARNING * * *
You feel sick.
* * * LOW HITPOINT WARNING * * *
You feel sick.
Things that are here:
a hand axe; a dagger; an orc skeleton Drink which item? (? for menu, Esc to quit)
It was a potion of lignification.
You turn into a tree.
Your +0 robe melds into your body.
Your roots penetrate the ground.
* * * LOW HITPOINT WARNING * * *
You feel sick.
Drink which item? (? for menu, Esc to quit)
It was a potion of flight.
Your roots keep you in place.
You die...

##..........#K##.####
#.#######......... #.#
#..#..#.### #.#
#.....#.#.# #.#
#.........#
##.#######.........
#.........o........
##########o###.######.
#..)♣).........
#.#.###.###### #.#.#
#.######
#.#.###......#
#.#.#........#
#.#.#.#<.....+
#.#.#.##.....#
#.#.#.##.....#
#.#.#.##.....#


You could see 2 orcs.

Vanquished Creatures
  An orc priest (D:3)
  2 adders
  2 oozes
  A dart slug (D:3)
  5 giant geckos
  5 orcs
  5 bats
  4 goblins
  5 hobgoblins (D:1)
  4 jackals (D:1)
  6 kobolds (D:1)
  A ball python (D:1)
  3 giant newts
  4 rats
48 creatures vanquished.

Notes
Turn   | Place    | Note
--------------------------------------------------------------
     0 | D:1      | lorenzova the Deep Elf Conjurer began the quest for the Orb.
     0 | D:1      | Reached XP level 1. HP: 10/10 MP: 6/6
   214 | D:1      | Reached XP level 2. HP: 15/15 MP: 2/8
   871 | D:1      | Reached XP level 3. HP: 18/19 MP: 5/10
  1079 | D:1      | Reached skill level 5 in Conjurations
  1936 | D:2      | Found a sparkling altar of Nemelex Xobeh.
  1961 | D:2      | Reached XP level 4. HP: 24/24 MP: 8/12
  1967 | D:2      | Learned a level 4 spell: Iskenderun's Mystic Blast
  2247 | D:3      | Reached skill level 5 in Spellcasting
  2275 | D:3      | HP: 1/24 [poisoned by a kobold]
  2277 | D:3      | Succumbed to a kobold's poison

Skill      XL: |  1  2  3  4 |
---------------+-------------+-----
Spellcasting   | 4 5 |  5.2
Conjurations   | 5 |  5.5
Dodging        | |  2.4
Stealth        | |  2.4

Action                   |  1- 3 |  4- 6 || total
-------------------------+-------+-------++-------
 Cast: Magic Dart        |    75 |    19 ||    94
       Iskenderun's Myst |       |     1 ||     1
  Use: Potion            |       |     2 ||     2
  Eat: Chunk             |     3 |     1 ||     4
Armor: Robe              |     1 |       ||     1
Dodge: Dodged            |     4 |     5 ||     9
